AoeStats
← 公鸡神探

Arena

508207173Analyzed
4v4 RM · 11d ago on Sep 21, 2026· 45m 56s· 8 players
Game mode
Random Map
Map size
Large (8 player)
Population
200
Speed
Normal
Resources
Standard
Victory
Conquest
Starting age
Dark Age
Ending age
Imperial Age
RankedLock teamsTeams togetherTeam positionsShared explorationLock speedFull tech treeHidden civsTurbo modeCheats
Victory
Defeat
🇹🇼 Bohemians · Taiwan
1223
+14
🇹🇼 Khmer · Taiwan
1223
+14
🇹🇼 Persians · Taiwan
1223
+14
🇹🇼 Italians · Taiwan
1220
+13
🇨🇳 Poles · China
1181
-14
🇨🇳 Vietnamese · China
1171
-14
1151
-13
西貢蘇tszxxx怒插慈雲山傻尻
10:46 Feudal Age
10:19 Loom
14:16 Forging
14:50 Fletching
15:02 Scale Mail Armor
17:02 Fletching
23:16 Castle Age
21:43 Double-Bit Axe
21:49 Gold Mining
24:33 Wheelbarrow
25:49 Hand Cart
29:07 Arson
29:22 Squires
32:45 Chain Mail Armor
33:05 Iron Casting
32:22 Gambesons
32:35 Town Watch
35:21 Imperial Age
32:44 Pikeman
33:56 Bow Saw
36:44 Town Patrol
36:40 Halberdier
38:58 Plate Mail Armor
42:01 Siege Engineers
41:48 Horse Collar
43:35 Heavy Scorpion
45:24 Chemistry
公鸡神探
11:35 Feudal Age
15:14 Castle Age
13:06 Double-Bit Axe
13:02 Horse Collar
16:02 Heavy Plow
16:29 Heavy Plow
18:05 Bow Saw
22:12 Szlachta Privileges
22:44 Bloodlines
22:34 Husbandry
23:32 Scale Barding Armor
23:38 Forging
23:51 Gold Mining
24:36 Chain Barding Armor
25:49 Iron Casting
27:24 Town Watch
28:15 Wheelbarrow
27:26 Loom
30:56 Hand Cart
30:42 Town Patrol
33:14 Imperial Age
31:12 Ballistics
30:55 Scale Mail Armor
30:55 Padded Archer Armor
30:46 Fletching
30:27 Light Cavalry
32:05 Stone Mining
33:07 Town Patrol
33:23 Hand Cart
33:48 Stone Shaft Mining
34:20 Lechitic Legacy
34:21 Conscription
33:23 Winged Hussar
33:27 Cavalier
35:28 Chemistry
35:29 Blast Furnace
35:35 Crossbowman
36:21 Thumb Ring
36:01 Winged Hussar
37:54 Chain Mail Armor
40:48 Arbalester
无甲的joe
10:14 Feudal Age
13:53 Castle Age
14:48 Double-Bit Axe
14:44 Horse Collar
21:57 Fletching
23:35 Bodkin Arrow
25:03 Wheelbarrow
24:45 Padded Archer Armor
25:52 Leather Archer Armor
27:33 Town Watch
31:47 Imperial Age
29:32 Hand Cart
30:08 Stone Mining
30:09 Gold Mining
31:53 Squires
31:38 Arson
31:56 Scale Mail Armor
32:07 Forging
31:50 Elite Fire Lancer
36:43 Bow Saw
38:08 Chain Mail Armor
38:29 Iron Casting
39:45 Pikeman
42:06 Halberdier
翻斗花园突破手绫小路
10:50 Feudal Age
11:51 Double-Bit Axe
14:55 Castle Age
12:51 Horse Collar
19:30 Wheelbarrow
19:48 Bow Saw
19:39 Heavy Plow
21:20 Stone Mining
21:33 Gold Mining
24:32 Hand Cart
24:58 Gold Shaft Mining
28:59 Imperial Age
28:10 Padded Archer Armor
28:01 Fletching
28:46 Ballistics
29:47 Thumb Ring
29:10 Pikeman
29:49 Bodkin Arrow
29:55 Scale Mail Armor
30:12 Leather Archer Armor
30:37 Parthian Tactics
29:32 Heavy Cavalry Archer
31:02 Conscription
30:42 Recurve Bow
31:06 Husbandry
31:17 Bloodlines
30:27 Light Cavalry
31:00 Halberdier
33:18 Chain Mail Armor
33:34 Ring Archer Armor
33:05 Bracer
35:16 Chemistry
43:06 Two-Man Saw
43:20 Crop Rotation
43:16 Loom
43:17 Town Watch
45:49 Town Patrol
8468547
10:21 Feudal Age
13:11 Castle Age
11:17 Double-Bit Axe
11:35 Horse Collar
14:07 Bow Saw
14:58 Wheelbarrow
20:05 Hand Cart
20:07 Loom
21:18 Town Watch
23:25 Gold Mining
26:26 Husbandry
27:15 Bloodlines
27:25 Scale Barding Armor
27:35 Forging
28:08 Gold Shaft Mining
28:50 Chain Barding Armor
29:47 Heavy Plow
31:07 Iron Casting
35:01 Imperial Age
35:11 Capped Ram
35:26 Heavy Scorpion
37:00 Plate Barding Armor
39:09 Blast Furnace
37:59 Fletching
38:07 Stone Mining
38:24 Elite Battle Elephant
40:04 Tusk Swords
41:24 Conscription
41:32 Double Crossbow
42:36 Siege Ram
43:54 Town Patrol
44:56 Caravan
45:52 Coinage
Lowawrd
7:43 Loom
10:44 Feudal Age
14:54 Castle Age
13:47 Double-Bit Axe
15:01 Horse Collar
16:19 Bow Saw
28:30 Wheelbarrow
27:40 Town Watch
28:59 Gold Mining
29:00 Stone Mining
30:16 Hand Cart
35:11 Imperial Age
33:24 Stone Shaft Mining
33:19 Treadmill Crane
34:00 Ballistics
34:16 Fletching
34:27 Padded Archer Armor
35:32 Bodkin Arrow
35:53 Leather Archer Armor
36:00 Thumb Ring
36:56 Chemistry
36:52 Conscription
37:51 Two-Man Saw
36:51 Heavy Plow
36:57 Elite Skirmisher
37:51 Pirotechnia
38:42 Ring Archer Armor
39:25 Bracer
39:26 Murder Holes
40:04 Husbandry
43:17 Scale Barding Armor
43:24 Bloodlines
42:35 Light Cavalry
43:59 Hussar
45:40 Chain Barding Armor
45:30 Forging
46:22 Guilds
46:42 Coinage
ocek
10:50 Feudal Age
14:32 Castle Age
12:24 Double-Bit Axe
12:21 Horse Collar
15:29 Bow Saw
15:20 Heavy Plow
17:51 Fervor
22:27 Wheelbarrow
23:45 Hand Cart
24:57 Loom
24:58 Town Watch
28:07 Imperial Age
27:10 Chemistry
26:16 Scale Mail Armor
26:27 Forging
27:04 Fletching
27:16 Padded Archer Armor
27:33 Chain Mail Armor
26:53 Pikeman
27:34 Squires
27:21 Arson
27:44 Bodkin Arrow
28:26 Iron Casting
27:52 Elite Skirmisher
29:20 Leather Archer Armor
29:32 Ballistics
30:03 Bracer
30:35 Plate Mail Armor
31:06 Blast Furnace
31:24 Ring Archer Armor
30:54 Halberdier
32:41 Two-Man Saw
32:08 Fortified Wall
33:00 Wagenburg Tactics
33:16 Conscription
36:31 Siege Engineers
44:32 Coinage
44:03 Caravan
45:23 Banking
鯊魚森氣氣
9:42 Feudal Age
13:17 Castle Age
11:09 Double-Bit Axe
11:47 Horse Collar
16:33 Bow Saw
20:54 Loom
25:15 Wheelbarrow
25:23 Heavy Plow
25:53 Scale Barding Armor
25:59 Forging
26:13 Hand Cart
25:51 Gold Mining
29:07 Imperial Age
26:45 Town Watch
27:41 Chain Barding Armor
27:32 Forging
27:38 Husbandry
28:08 Bloodlines
29:12 Iron Casting
29:59 Plate Barding Armor
28:45 Cavalier
29:52 Stone Mining
29:53 Gold Mining
31:22 Blast Furnace
30:05 Capped Ram
30:54 Scale Mail Armor
30:15 Pikeman
30:56 Squires
31:09 Fletching
33:17 Chemistry
32:35 Bodkin Arrow
32:55 Chain Mail Armor
34:23 Two-Man Saw
34:01 Gold Shaft Mining
34:01 Stone Shaft Mining
34:00 Siege Ram
35:14 Padded Archer Armor
34:47 Savar
36:11 Leather Archer Armor
36:29 Plate Mail Armor
37:59 Ring Archer Armor
39:16 Coinage
40:46 Conscription
42:00 Citadels
42:26 Hoardings
42:14 Town Patrol
43:33 Banking
43:54 Elite Skirmisher
45:26 Guilds
Connection lost

Rejoining the realm…

Still unreachable

The connection could not be restored.

Session expired

The server has moved on; the page needs a fresh start.